 Dungeon Crawl Stone Soup version 0.19-b1-3-g7dea586 (webtiles) character file.

410 tv1990 the Warrior (level 7, -6/52 HPs)
             Began as a Formicid Monk on Oct 29, 2016.
             Was a Believer of Okawaru.
             Killed by divine providence
             ... invoked by an orc priest
              (11 damage)
             ... on level 3 of the Dungeon.
             The game lasted 00:11:49 (3759 turns).

tv1990 the Warrior (Formicid Monk)                  Turns: 3759, Time: 00:11:49

Health: -6/52      AC: 12    Str: 14 (16) XL:     7   Next: 13%
Magic:  11/11      EV:  4    Int:  7 (9)  God:    Okawaru [**....]
Gold:   120        SH:  0    Dex: 13 (15) Spells: 0 memorised, 6 levels left

rFire  . . .     SeeInvis +     a - +1 hand axe
rCold  . . .     Gourm    .     h - +0 plate armour
rNeg   . . .     Faith    .     (no shield)
rPois  .         Spirit   .     (helmet unavailable)
rElec  .         Reflect  .     (no cloak)
rCorr  .         Harm     .     q - +0 pair of gloves
MR     .....                    o - +0 pair of boots
Stlth  ..........               (no amulet)
                                (no ring)
                                d - ring of see invisible

@: no status effects
A: permanent stasis, dig shafts and tunnels, four strong arms, antennae 3
a: Dig, Shaft Self, Heroism, Renounce Religion


You were on level 3 of the Dungeon.
You worshipped Okawaru.
Okawaru was pleased with you.
You were not hungry.

You visited 1 branch of the dungeon, and saw 4 of its levels.

You collected 120 gold pieces.

Inventory:

Hand Weapons
 a - a +1 hand axe (weapon)
 r - a +1 flail of holy wrath
Armour
 b - a +0 robe
 e - a +0 leather armour
 h - a +0 plate armour (worn)
 o - a +0 pair of boots (worn)
 q - a +0 pair of gloves (worn)
Jewellery
 d - a ring of see invisible (left hand)
Scrolls
 f - a scroll of amnesia
 k - 2 scrolls of magic mapping
Potions
 n - a potion of cure mutation
Comestibles
 c - 4 bread rations
 g - 2 chunks of flesh
 p - a meat ration


   Skills:
 - Level 3.5 Fighting
 + Level 5.2 Axes
 - Level 2.9 Dodging
 - Level 2.4 Stealth
 * Level 5.8 Invocations


You had 6 spell levels left.
You didn't know any spells.

Dungeon Overview and Level Annotations

Branches:
Dungeon (4/15)
 Temple: D:4-7

Altars:
Nemelex Xobeh
Okawaru


Innate Abilities, Weirdness & Mutations

You are under a permanent stasis effect.
You can dig through walls and to a lower floor.
Your four strong arms can wield two-handed weapons with a shield.
You have a pair of large antennae on your head. (SInv)


Message History

The orc priest is moderately wounded.
The orc priest calls down the wrath of Beogh upon you.
Pain shoots through your body!
* * * LOW HITPOINT WARNING * * *
Okay, then.
Okay, then.
Okay, then.
Okay, then.
You hit the orc priest but do no damage.
The orc priest is moderately wounded.
The orc priest hits you with a flail.
* * * LOW HITPOINT WARNING * * *
You closely miss the orc priest.
The orc priest is moderately wounded.
The orc priest hits you but does no damage.
You closely miss the orc priest.
The orc priest is moderately wounded.
The orc priest calls down the wrath of Beogh upon you.
Beogh smites you!
You die...

..(...##...
#§(..##..##. ...
#.####...... ..##
..........# ...# #
..#.......# ###..# .#
..##...#..# ....###.#
......##..###.........#
.##...[....... #o.....#
.##...##..######@..#
.##...#..÷##.......#
.##.[#[#..##.###...#
.##..###..##.###...#
...........>.......#
###..........####..#
.#..####.###.# ..#
#)#.# #....... ..#
###.# ..........%..


You could see an orc priest.

Vanquished Creatures
  A phantom (D:3)
  A scorpion (D:4)
  3 orc priests
  An orc wizard (D:3)
  7 adders
  2 oozes
  2 worms (D:2)
  A dart slug (D:2)
  A leopard gecko (D:2)
  8 orcs
  14 giant cockroaches
  9 hobgoblins
  5 kobolds
  2 ball pythons (D:2)
  8 bats
  4 frilled lizards
  3 goblins
  9 rats
81 creatures vanquished.

Notes
Turn   | Place    | Note
-------+----------+-------------------------------------------
     0 | D:1      | tv1990 the Formicid Monk began the quest for the Orb.
     0 | D:1      | Reached XP level 1. HP: 18/18 MP: 1/1
   121 | D:1      | Reached XP level 2. HP: 16/24 MP: 2/2
   159 | D:1      | Found a sparkling altar of Nemelex Xobeh.
   672 | D:1      | Reached XP level 3. HP: 20/29 MP: 3/3
   770 | D:2      | Found an iron altar of Okawaru.
   821 | D:2      | Became a worshipper of Warmaster Okawaru
   821 | D:2      | Reached * piety under Okawaru
   821 | D:2      | Reached ** piety under Okawaru
  1193 | D:2      | Reached skill level 1 in Invocations
  1216 | D:2      | HP: 1/29 [leopard gecko (3)]
  1534 | D:2      | Reached XP level 4. HP: 35/35 MP: 3/5
  2159 | D:2      | Reached XP level 5. HP: 17/41 MP: 4/7
  2854 | D:3      | Reached XP level 6. HP: 43/47 MP: 9/9
  3073 | D:3      | Noticed a phantom
  3138 | D:3      | HP: 2/47 [phantom (3)]
  3141 | D:3      | You fall through a shaft!
  3461 | D:4      | Reached skill level 5 in Invocations
  3679 | D:3      | Reached skill level 5 in Axes
  3728 | D:3      | Killed a phantom
  3728 | D:3      | Reached XP level 7. HP: 36/52 MP: 7/11
  3759 | D:3      | Killed from afar by an orc priest

Skill      XL: |  1  2  3  4  5  6 |
---------------+-------------------+-----
Invocations    | 1 3 4 5 |  5.8
Axes           | 4 5 |  5.2
Fighting       | |  3.5
Dodging        | |  2.9
Stealth        | |  2.4

Action                   |  1- 3 |  4- 6 |  7- 9 || total
-------------------------+-------+-------+-------++-------
Melee: Hand axe          |   129 |   222 |     8 ||   359
       Punch             |       |     1 |       ||     1
       Flail             |       |    12 |       ||    12
Invok: Heroism           |       |     5 |       ||     5
 Abil: Dig               |     1 |     7 |       ||     8
       Shaft Self        |       |     1 |       ||     1
  Use: Potion            |     1 |     5 |       ||     6
       Scroll            |       |     6 |       ||     6
 Stab: Sleeping          |     3 |     2 |       ||     5
  Eat: Chunk             |     2 |     8 |     1 ||    11
Armor: Robe              |    40 |    49 |       ||    89
       Plate armour      |       |    19 |     2 ||    21
       Leather armour    |       |     2 |       ||     2
Dodge: Dodged            |   119 |   121 |       ||   240

Table legend:
 A = Turns spent in this place as a percentage of turns spent in the entire game.
 B = Non-inter-level travel turns spent in this place as a percentage of non-inter-level travel turns spent in the entire game.
 C = Inter-level travel turns spent in this place as a percentage of turns spent in this place.
 D = Turns resting spent in this place as a percentage of non-inter-level travel turns spent in this place.
 E = Turns spent auto-exploring this place as a percentage of non-inter-level travel turns spent in this place.
 F = Non-inter-level travel turns spent in this place divided by the number of levels of this place that you've seen.
                   A       B       C       D       E      F
               +-------+-------+-------+-------+-------+----------------------
         Total | 100.0 | 100.0 |   0.2 |   5.9 |   9.5 | 247.0
       Dungeon | 100.0 | 100.0 |   0.2 |   5.9 |   9.5 | 247.0
               +-------+-------+-------+-------+-------+----------------------

Table legend:
 A = Kills in this place as a percentage of kills in entire the game.
 B = Kills by you in this place as a percentage of kills by you in the entire game.
 C = Kills by friends in this place as a percentage of kills by friends in the entire game.
 D = Other kills in this place as a percentage of other kills in the entire game.
 E = Experience gained in this place as a percentage of experience gained in the entire game.
 F = Experience gained in this place divided by the number of levels of this place that you have seen.
                   A       B       C       D       E      F
               +-------+-------+-------+-------+-------+----------------------
         Total | 100.0 | 100.0 |  -nan |  -nan | 100.0 | 146.8
       Dungeon | 100.0 | 100.0 |  -nan |  -nan | 100.0 | 146.8
               +-------+-------+-------+-------+-------+----------------------

Vault maps used:
D:1:      dpeg_arrival_erosion, nemelex_altar_shiori
D:2:      kennysheep_okawaru_gauntlet
D:3:      minmay_roachtagon, first_bread, lemuel_blue_sif_altar
D:4:      regret_index_temple_of_mockery, gammafunk_temple_overflow_wave,
          uniq_blork_the_orc
